 Dungeon Crawl Stone Soup version 0.24-a0-201-gf205589 (console) character file.

Game seed: 1989699594418057178

7639 Duffy the Fighter (level 10, -3/93 (94) HPs)
             Began as a Minotaur Gladiator on Mar 22, 2019.
             Slain by Grum
             ... wielding a +0 spear of piercing
              (10 damage)
             ... on level 9 of the Dungeon.
             The game lasted 00:09:21 (10061 turns).

Duffy the Fighter (Minotaur Gladiator)             Turns: 10061, Time: 00:09:22

HP:   -3/93 (94)    AC: 21    Str: 21    XL:     10   Next: 98%
MP:   0/9           EV: 12    Int:  5    God:
Gold: 463           SH:  0    Dex: 13    Spells: 9/9 levels left

rFire    . . .     SeeInvis .   B - +2 war axe (vamp)
rCold    . . .     Gourm    .   (no shield)
rNeg     . . .     Faith    .   u - +0 plate armour
rPois    +         Spirit   +   c - +0 hat
rElec    .         Reflect  .   q - +2 cloak {rPois}
rCorr    .         Harm     .   I - +0 pair of gloves
MR       .....                  v - +0 pair of boots
Stlth    ..........             e - amulet of guardian spirit
HPRegen  0.25/turn              C - ring of attention
MPRegen  0.11/turn              y - +1 ring of evasion

@: no status effects
A: retaliatory headbutt, horns 2
a: no special abilities


You were on level 9 of the Dungeon.
You were not hungry.

You visited 1 branch of the dungeon, and saw 9 of its levels.

You collected 463 gold pieces.

Inventory:

Hand Weapons
 a - a +0 war axe
 j - a +0 battleaxe
 A - a +0 morningstar of distortion
 B - a +2 vampiric war axe (weapon)
Missiles
 d - 3 throwing nets (quivered)
Armour
 c - a +0 hat (worn)
 q - a +2 cloak of poison resistance (worn)
 u - a +0 plate armour (worn)
 v - a +0 pair of boots (worn)
 I - a +0 pair of gloves (worn)
 M - the +2 ring mail "Zulukax" {rF- Str+2 Dex+7}
   (You found it on level 8 of the Dungeon)

   It affects your strength (+2).
   It affects your dexterity (+7).
   It makes you vulnerable to fire.
Magical Staves
 D - an uncursed staff of cold {unknown}
Jewellery
 e - an amulet of guardian spirit (around neck)
 w - an uncursed ring of flight
 y - a +1 ring of evasion (right hand)
 C - a ring of attention (left hand)
Wands
 o - a wand of enslavement (10)
 t - a wand of disintegration (20)
 F - a wand of paralysis (10)
 H - a wand of iceblast (7)
 O - a wand of flame (23)
Scrolls
 b - 2 scrolls of magic mapping {unknown}
 g - 2 scrolls of blinking {unknown}
 h - 2 scrolls of fear {unknown}
 i - a scroll of noise {unknown}
 k - 2 scrolls of fog {unknown}
 p - 3 scrolls of teleportation {unknown}
 r - 5 scrolls of remove curse
 G - a scroll of holy word {unknown}
 P - a scroll of amnesia {unknown}
Potions
 l - 4 potions of curing
 m - 2 potions of agility
 n - a potion of ambrosia
 s - 2 potions of invisibility
 x - a potion of mutation
 z - 2 potions of cancellation
 E - a potion of might {unknown}
 J - 2 potions of flight {unknown}
 K - a potion of experience {unknown}
 N - a potion of heal wounds {unknown}
 Q - a potion of resistance {unknown}
Comestibles
 f - 19 rations


   Skills:
 + Level 10.5 Fighting
 - Level 10.3 Axes
 - Level 2.0 Throwing
 + Level 10.2 Armour
 + Level 10.0 Dodging


You had 9 spell levels left.
You didn't know any spells.
Your spell library contained the following spells:

 Spells                   Type           Power        Failure   Level  Hunger
 Animate Skeleton         Necr           N/A          100%        1    ##.....
 Apportation              Tloc           #.....       100%        1    ##.....
 Confusing Touch          Hex            #.....       100%        1    ##.....
 Infusion                 Chrm           #...         100%        1    ##.....
 Summon Small Mammal      Summ           #...         100%        1    ##.....
 Shroud of Golubria       Chrm/Tloc      #.........   100%        2    ###....
 Song of Slaying          Chrm           #.......     100%        2    ###....
 Confuse                  Hex            #.......     100%        3    ####...
 Gell's Gravitas          Tloc           #.........   100%        3    ####...
 Regeneration             Chrm/Necr      #.........   100%        3    ####...
 Spectral Weapon          Hex/Chrm       #.......     100%        3    ####...
 Petrify                  Tmut/Erth      #.......     100%        4    #####..
 Metabolic Englaciation   Hex/Ice        #.........   100%        5    ######.
 Yara's Violent Unravell  Hex/Tmut       #.........   100%        5    ######.


Dungeon Overview and Level Annotations

Branches:
Dungeon (9/15)             Temple (0/1) D:7             Orc (0/2) D:9
   Lair: D:8-11

Altars:
Ashenzari
Cheibriados
Elyvilon
Fedhas
Makhleb
Nemelex Xobeh
Sif Muna
Trog
Uskayaw
Vehumet
Wu Jian
Xom
The Shining One

Annotations:
D:3 exclusion: upstairs
D:9 Grum


Innate Abilities, Weirdness & Mutations

You reflexively headbutt those who attack you in melee.
You have a pair of horns on your head.


Message History

You slash the yaktaur captain!
You feel better.
You kill the yaktaur captain!
Your Armour skill increases to level 10!
Your Dodging skill increases to level 10!
You hit the vampire. You barely miss the wolf.
The wolf bites you but does no damage.
Grum hits you from afar with a +0 spear of piercing.
The vampire hits you but does no damage.
The vampire bites you.
The vampire draws strength from your injuries!
The orc wizard casts a spell.
The orc wizard seems to speed up.
The wolf barely misses you.
The orc priest looks braver for a moment.
The wolf bites you but does no damage.
You closely miss the wolf. Your headbutt misses the wolf. You hit the wolf.
You feel better.
You kill the wolf!
You hit the vampire but do no damage.
Grum hits you from afar with a +0 spear of piercing!
You die... .##..####.##.#.. ..#..#.........0...# #.....)####+###.... .......# ## oo.

#..###.# . ##.##oo
.......# _.#$..80#
##.###.# ..#$..0g#
..##
#.#....#$.5Rh# ###
#.#.._ #$..8@##
#.#... ##.##V.#
}.} ##...#
####'###....#####
###
..................
#.#
..#.#...##########
... ........# #.#
#.#.#.#.###### #.#
#...^.......#


You could see Grum, an efreet, a vampire, an orc warrior, a wolf, an orc priest,
an orc wizard, a crimson imp and an orc.

Vanquished Creatures
  A yaktaur captain (D:9)
  Harold (D:7)
  A centaur warrior (D:9)
  A two-headed ogre (D:8)
  Pikel (D:3)
  A hornet (D:8)
  A hippogriff (D:8)
  A spriggan (D:7)
  Menkaure (D:7)
  A water moccasin (D:7)
  Duvessa (D:7)
  6 orc warriors
  Purgy (D:3)
  An ice beast (D:7)
  4 slaves (D:3)
  A black bear (D:7)
  2 phantoms
  2 necrophages
  A wolf (D:9)
  A centaur (D:9)
  8 ogres
  A crocodile (D:6)
  3 bullfrogs
  Dowan (D:7)
  5 scorpions
  A howler monkey (D:6)
  3 orc wizards (D:6)
  8 orc priests
  Crazy Yiuf (D:4)
  A bullfrog skeleton (D:7)
  A hound (D:4)
  A jelly (D:7)
  2 iguanas (D:8)
  7 worker ants
  A hound zombie (D:6)
  2 hound skeletons
  A mummy (D:5)
  A worker ant zombie (D:8)
  4 gnolls (D:7)
  10 adders
  A howler monkey skeleton (D:7)
  2 adder skeletons
  2 worms
  6 leopard geckos
  32 orcs
  3 bats
  5 giant cockroaches
  4 hobgoblins
  18 jackals
  5 quokkas
  2 ball pythons (D:3)
  2 frilled lizards (D:3)
  A giant cockroach zombie (D:5)
  5 goblins
  2 hobgoblin zombies (D:5)
  9 kobolds
  2 kobold zombies (D:5)
  2 quokka skeletons
  3 rats (D:2)
198 creatures vanquished.

Notes
Turn   | Place    | Note
-------+----------+-------------------------------------------
     0 | D:1      | Duffy the Minotaur Gladiator began the quest for the Orb.
     0 | D:1      | Reached XP level 1. HP: 18/18 MP: 0/0
   919 | D:2      | Reached XP level 2. HP: 25/25 MP: 1/1
   994 | D:2      | Found a shattered altar of Ashenzari.
  1126 | D:2      | Reached skill level 5 in Axes
  1385 | D:2      | Reached XP level 3. HP: 18/30 MP: 0/2
  1758 | D:2      | Found a deep blue altar of Sif Muna.
  2110 | D:2      | Found a shimmering altar of Xom.
  2288 | D:3      | Noticed a scorpion
  2291 | D:3      | Killed a scorpion
  2291 | D:3      | Reached XP level 4. HP: 34/37 MP: 3/3
  2412 | D:3      | Found a white marble altar of Elyvilon.
  2482 | D:3      | Found a glowing golden altar of the Shining One.
  2800 | D:4      | Noticed Pikel
  2800 | D:4      | Noticed a slave
  2800 | D:4      | Noticed a slave
  2800 | D:4      | Noticed a slave
  2800 | D:4      | Noticed a slave
  2809 | D:3      | Killed a slave
  2811 | D:3      | Reached XP level 5. HP: 19/42 MP: 1/4
  2812 | D:3      | Killed a slave
  3368 | D:3      | Killed a slave
  3471 | D:3      | Killed Pikel
  3471 | D:3      | Reached XP level 6. HP: 9/50 MP: 1/5
  3471 | D:3      | Reached XP level 7. HP: 10/56 MP: 1/6
  3848 | D:4      | Noticed Purgy
  3903 | D:3      | Killed Purgy
  3903 | D:3      | Reached skill level 10 in Axes
  4445 | D:4      | Reached skill level 1 in Armour
  4923 | D:4      | Found a blossoming altar of Fedhas.
  4923 | D:4      | Found a radiant altar of Vehumet.
  4961 | D:4      | Found a runed translucent door.
  4962 | D:4      | Noticed Crazy Yiuf
  5322 | D:4      | Killed Crazy Yiuf
  5358 | D:5      | Entered Level 5 of the Dungeon
  5743 | D:5      | Reached XP level 8. HP: 62/66 MP: 5/7
  6347 | D:6      | Reached skill level 5 in Dodging
  6349 | D:6      | Reached skill level 5 in Fighting
  6686 | D:6      | Reached skill level 5 in Armour
  7110 | D:6      | Reached XP level 9. HP: 74/74 MP: 8/8
  7342 | D:6      | Found a bloodstained altar of Trog.
  7349 | D:6      | Found a sparkling altar of Nemelex Xobeh.
  7689 | D:7      | Found a staircase to the Ecumenical Temple.
  7708 | D:7      | Noticed Dowan
  7708 | D:7      | Noticed Duvessa
  7710 | D:7      | Noticed Harold
  7723 | D:7      | Killed Dowan
  7727 | D:7      | Killed Duvessa
  7735 | D:7      | Killed Harold
  7931 | D:7      | Noticed Menkaure
  7936 | D:7      | Killed Menkaure
  8320 | D:7      | Reached XP level 10. HP: 89/89 MP: 9/9
  8375 | D:7      | Found an ornate altar of the Wu Jian Council.
  8614 | D:7      | Found a snail-covered altar of Cheibriados.
  9074 | D:8      | Got a jewelled ring mail
  9099 | D:8      | Identified the +2 ring mail "Zulukax" {rF- Str+2 Dex+7}
                  | (You found it on level 8 of the Dungeon)
  9118 | D:8      | Noticed a two-headed ogre
  9345 | D:8      | Killed a two-headed ogre
  9851 | D:9      | Found a hide-covered altar of Uskayaw.
 10025 | D:9      | Found a staircase to the Orcish Mines.
 10034 | D:9      | Found a shimmering altar of Xom.
 10040 | D:9      | Noticed a yaktaur captain
 10041 | D:9      | Noticed a centaur warrior
 10042 | D:9      | Found a burning altar of Makhleb.
 10044 | D:9      | Noticed Grum
 10047 | D:9      | Killed a centaur warrior
 10047 | D:9      | Reached skill level 10 in Fighting
 10060 | D:9      | Killed a yaktaur captain
 10060 | D:9      | Reached skill level 10 in Armour
 10060 | D:9      | Reached skill level 10 in Dodging
 10060 | D:9      | HP: 3/93 [vampire (2)]
 10061 | D:9      | Slain by Grum

Levels and vault maps discovered:
D:1:      lemuel_arrival_behind_the_door_large, layout_basic
D:2:      layout_loops_cross, ashenzari_altar_1, lemuel_blue_sif_altar,
          nicolae_overflow_hidden_temple
D:3:      layout_loops_cross, lemuel_round_altar, lemuel_doored_altar
D:4:      layout_loops_ring, gammafunk_temple_overflow_elements,
          nicolae_zen_rock_garden, uniq_crazy_yiuf_cottage, uniq_purgy,
          uniq_pikel
D:5:      layout_basic, first_ration, minmay_mini_ossuary
D:6:      layout_loops_ring, amethyst_overflow_temple_binary
D:7:      layout_loops_ring, lemuel_round_altar, cheibrodos_worm_habitat,
          minmay_temple_entry_proselytizer, serial_glass, glass_columns_c,
          glass_columns_a, glass_columns_a, glass_columns_b, glass_columns_a,
          glass_columns_a, glass_columns_a, glass_columns_c, glass_columns_a,
          glass_columns_a, minivault_25, the_bakery, grunt_ministairs_11,
          uniq_harold, uniq_menkaure, uniq_duvessa
D:8:      layout_cave_pools, minmay_fractal_squares_diagonal_5
D:9:      layout_loops_ring, overflow_temple_1_default, orc_0_dummy,
          basic_altar, jmf_multi_god_temple, uniq_grum

Skill      XL: |  1  2  3  4  5  6  7  8  9 10 |
---------------+-------------------------------+-----
Axes           | 4 5 6 9 10 | 10.3
Fighting       | 3 6 8 10 | 10.5
Armour         | 2 5 8 10 | 10.2
Dodging        | 4 6 8 10 | 10.0
Throwing       | |  2.0

Action                   |  1- 3 |  4- 6 |  7- 9 | 10-12 || total
-------------------------+-------+-------+-------+-------++-------
Melee: War axe           |    73 |    51 |   318 |   137 ||   579
       Headbutt          |    10 |     8 |    68 |    28 ||   114
  Use: Scroll            |       |       |     6 |     2 ||     8
  Eat: Chunk             |     4 |     4 |    10 |     5 ||    23
       Ration            |       |       |     3 |       ||     3
Armor: Leather armour    |     7 |       |       |       ||     7
       Chain mail        |    28 |    32 |    25 |       ||    85
       Plate armour      |       |       |   147 |    72 ||   219
Dodge: Dodged            |    55 |    34 |   142 |    79 ||   310

Table legend:
 A = Non-vault XP
 B = Vault XP
 C = Vault XP percentage of total XP
 D = Non-vault monster count
 E = Vault monster count
 F = Vault count percentage of total count
                 A         B        C        D         E       F
            +---------+---------+-------+---------+---------+-------
      Total |    5853 |    5060 |  46.4 |     169 |      25 |  12.9
            +---------+---------+-------+---------+---------+-------
        D:1 |       9 |       0 |   0.0 |       5 |       0 |   0.0
        D:2 |      58 |       0 |   0.0 |      18 |       0 |   0.0
        D:3 |     130 |     783 |  85.8 |      22 |       2 |   8.3
        D:4 |     233 |      40 |  14.7 |      19 |       1 |   5.0
        D:5 |     395 |      22 |   5.3 |      18 |       5 |  21.7
        D:6 |    1618 |       0 |   0.0 |      35 |       0 |   0.0
        D:7 |     933 |    1709 |  64.7 |      19 |       9 |  32.1
        D:8 |    2120 |     383 |  15.3 |      23 |       5 |  17.9
        D:9 |     357 |    2123 |  85.6 |      10 |       3 |  23.1
            +---------+---------+-------+---------+---------+-------
